 Dungeon Crawl Stone Soup version 0.15-a0-1646-g393eda0 (webtiles) character file.

964 Amnesiac the Archer (level 7, 0/64 HPs)
             Began as a High Elf Hunter on June 22, 2014.
             Was an Initiate of Okawaru.
             Slain by a slave (4 damage)
             ... led by Pikel
             ... on Level 5 of the Dungeon.
             The game lasted 00:26:51 (7840 turns).

Amnesiac the Archer (High Elf Hunter)               Turns: 7840, Time: 00:26:51

HP   0/64        AC 23     Str 16      XL: 7   Next: 93%
MP  12/12        EV  2     Int 15      God: Okawaru [......]
Gold 171         SH  0     Dex 18      Spells:  0 memorised,  6 levels left

rFire  . . .     SeeInvis .     x - +0 short sword (holy)
rCold  . . .     Clarity  .     D - melded +0 robe
rNeg   + + +     rCorr    .     (no shield)
rPois  +         rRot     .     (no helmet)
rElec  .         Spirit   .     (cloak currently unavailable)
SustAb +         Warding  .     v - melded +1 pair of gloves
rMut   .         NoTele   +     (boots currently unavailable)
Gourm  .                        (no amulet)
MR     +....                    C - ring of protection from magic
                                g - ring of sustain abilities

@: mighty, tree-form, somewhat resistant to hostile enchantments, unstealthy
A: no striking features
a: Renounce Religion


You were on level 5 of the Dungeon.
You worshipped Okawaru.
Okawaru was noncommittal.
You were very hungry.
You were an animated tree.
You visited 2 branches of the dungeon, and saw 7 of its levels.

You collected 171 gold pieces.

Inventory:

Hand weapons
 q - a +3 shortbow
 w - a +0 falchion
 x - a +0 short sword of holy wrath (weapon)
Armour
 v - a +1 pair of gloves (melded)
 D - a +0 robe (melded)
Comestibles
 f - 3 bread rations
 r - 4 slices of pizza
 s - 2 fruits
 z - a meat ration
Scrolls
 d - a scroll of enchant armour
 e - 4 scrolls of remove curse
 i - a scroll of amnesia
 k - a scroll of magic mapping
Jewellery
 g - a ring of sustain abilities (left branch)
 C - a ring of protection from magic (right branch)
Potions
 j - 2 potions of restore abilities
 l - a potion of flight
 A - a potion of cure mutation


   Skills:
 - Level 1.0 Fighting
 + Level 3.6 Long Blades
 - Level 12.0 Bows
 - Level 2.1 Dodging
 - Level 1.1 Stealth


You had 6 spell levels left.
You didn't know any spells.

Dungeon Overview and Level Annotations

Branches:
Dungeon (6/15)             Temple (1/1) D:5

Altars:
Cheibriados
Elyvilon
Kikubaaqudgha
Makhleb
Nemelex Xobeh
Okawaru
Qazlal
Trog
Zin
The Shining One

Annotations:
D:5 Pikel
D:6 flammableBen's ghost, experienced HaHu


Message History

The slave hits you but does no damage. Pikel hits you but does no damage.
The slave completely misses you.
You closely miss Pikel.
Pikel is moderately wounded.
The slave hits you but does no damage. Pikel hits you but does no damage.
The slave hits you but does no damage.
You closely miss Pikel.
Pikel is moderately wounded.
You are feeling very hungry.
Pikel hits you but does no damage. The slave hits you but does no damage.
The slave hits you but does no damage.
You hit Pikel.
Pikel is heavily wounded.
The slave hits you but does no damage. Pikel hits you but does no damage.
The slave hits you.
* * * LOW HITPOINT WARNING * * *
You barely miss Pikel.
Pikel is heavily wounded.
The slave hits you.
You die...

#.....##.###.###......))....#
##.....#.....###.....[##....#
.##.............<...###########
..##.....#..#......## ##..###
#..###....#.........## #......
..##......##.........# #..####
.##..#...............## #.##
##..#.....##.##p......#####..#
#............###♣p.#.(.#.###.####
.............##K#p.((.#..# ##....
.......##.##..p##.(...#### #####
..........##..........#
.#........##..........#####
...#......#...#...###...#.####
.............###.###.........##
.......(......(...........##..#
...........#..........>...###.##


You could see Pikel and 4 slaves.

Vanquished Creatures
  2 phantoms (D:4)
  2 ogres
  A crimson imp (D:5)
  2 hounds
  2 orc priests
  An iguana (D:5)
  2 worker ants
  3 orc wizards
  7 adders
  7 gnolls
  2 shadow imps
  A giant mite (D:5)
  2 worms
  An adder skeleton (D:4)
  6 giant geckos
  An ooze (D:3)
  18 orcs
  2 ball pythons
  5 bats
  A bat skeleton (D:6)
  3 giant cockroaches
  15 hobgoblins
  13 jackals
  10 kobolds
  8 giant newts
  16 goblins
  A hobgoblin zombie (D:5)
  3 orc skeletons (D:5)
  3 quokkas
  7 rats
147 creatures vanquished.

Vanquished Creatures (others)
  An orc priest (D:6)
  A giant spore (D:6)
  4 toadstools (D:1)
6 creatures vanquished.

Grand Total: 153 creatures vanquished

Notes
Turn   | Place    | Note
--------------------------------------------------------------
     0 | D:1      | Amnesiac, the High Elf Hunter, began the quest for the Orb.
     0 | D:1      | Reached XP level 1. HP: 13/13 MP: 2/2
   230 | D:1      | Reached XP level 2. HP: 18/18 MP: 3/3
   248 | D:1      | Reached skill level 6 in Bows
   523 | D:4      | Reached XP level 3. HP: 20/23 MP: 5/5
   545 | D:4      | Noticed a phantom
   561 | D:4      | Killed a phantom
   561 | D:4      | Reached skill level 8 in Bows
   561 | D:4      | Reached XP level 4. HP: 26/28 MP: 7/7
   602 | D:4      | Noticed an ogre
   613 | D:4      | Killed an ogre
   613 | D:4      | Reached skill level 9 in Bows
   613 | D:4      | Reached XP level 5. HP: 33/33 MP: 8/8
   955 | D:5      | Entered Level 5 of the Dungeon
   976 | D:5      | Noticed flammableBen's ghost (experienced HaHu)
  1003 | D:5      | Reached XP level 6. HP: 36/38 MP: 10/10
  1510 | D:4      | Reached skill level 10 in Bows
  2159 | D:5      | Found a glowing golden altar of the Shining One.
  2461 | D:5      | Reached XP level 7. HP: 22/43 MP: 12/12
  2659 | D:5      | Reached skill level 11 in Bows
  2757 | D:5      | Found a staircase to the Ecumenical Temple.
  2767 | Temple   | Entered the Ecumenical Temple
  2872 | Temple   | Became a worshipper of Warmaster Okawaru
  3237 | D:3      | HP: 1/43 [orc (3)]
  3597 | D:3      | Found a white marble altar of Elyvilon.
  4373 | D:2      | Found a stormy altar of Qazlal.
  5854 | D:5      | Reached skill level 12 in Bows
  6045 | D:5      | Noticed a slave
  6051 | D:5      | Noticed Pikel
  6078 | D:5      | Noticed a phantom
  6088 | D:5      | Noticed a slave
  6101 | D:5      | Noticed a slave
  6101 | D:5      | Noticed a slave
  6294 | D:6      | Noticed flammableBen's ghost (experienced HaHu)
  6952 | D:5      | Reached skill level 1 in Long Blades
  7831 | D:5      | HP: 3/64 [slave[Pikel] (2)]
  7839 | D:5      | HP: 3/64 [slave[Pikel] (1)]
  7840 | D:5      | Slain by a slave

Action                   |  1- 3 |  4- 6 |  7- 9 || total
-------------------------+-------+-------+-------++-------
Melee: Short sword       |    15 |    64 |   135 ||   214
       Falchion          |       |    13 |   196 ||   209
 Fire: Shortbow          |    42 |    95 |    63 ||   200
Throw: Tomahawk          |       |     5 |    21 ||    26
  Use: Scroll            |       |       |    14 ||    14
       Potion            |       |       |     8 ||     8
 Stab: Sleeping          |       |       |     6 ||     6
       Distracted        |       |       |     2 ||     2
